 Dungeon Crawl Stone Soup version 0.23.0 (webtiles) character file.

Game seed: 17703461479588942748

10574 Lolifox the Carver (level 11, 0/84 HPs)
             Began as a Demonspawn Berserker on Feb 9, 2019.
             Was a High Priest of Trog.
             Engulfed by a smoke demon's steam (9 damage)
             ... on level 1 of the Abyss.
             The game lasted 00:59:13 (10972 turns).

Lolifox the Carver (Demonspawn Berserker)          Turns: 10972, Time: 00:59:13

Health: 0/84       AC: 10    Str: 19 (22) XL:     11   Next: 38%
Magic:  11/11      EV: 13    Int:  2 (3)  God:    Trog [*****.]
Gold:   340        SH:  0    Dex: 12      Spells: 10/10 levels left

rFire    . . .     SeeInvis .   t - +7 falchion of Annoyance {chaos, rPois rN+ MR+ Int-5}
rCold    . . .     Gourm    .   (no shield)
rNeg     + + .     Faith    .   m - +2 scale mail
rPois    +         Spirit   .   (helmet restricted)
rElec    .         Reflect  .   (no cloak)
rCorr    .         Harm     +   (no gloves)
MR       +....                  (no boots)
Stlth    ++++......             i - amulet of harm
HPRegen  0.24/turn              f - ring of positive energy
MPRegen  0.12/turn              p - ring of poison resistance

@: no status effects
A: antennae 1, demonic guardian 1, nightstalker 1, sturdy frame 1
a: Berserk, Trog's Hand, Brothers in Arms, Renounce Religion


You were on level 1 of the Abyss.
You worshipped Trog.
Trog was extremely pleased with you.
You were not hungry.

You visited 1 branch of the dungeon, and saw 10 of its levels.
You visited the Abyss 1 time.
You also visited: Ossuary.

You collected 642 gold pieces.
You spent 302 gold pieces at shops.

Inventory:

Hand Weapons
 c - a +1 great sword of slicing
 t - the +7 falchion of Annoyance (weapon) {chaos, rPois rN+ MR+ Int-5}
   (You bought it in a shop on level 4 of the Dungeon)

   Each time it hits an enemy it has a different, random effect.
   It affects your intelligence (-5).
   It protects you from poison.
   It protects you from negative energy.
   It affects your resistance to hostile enchantments.
Armour
 m - a +2 scale mail (worn)
 u - a +1 helmet
Jewellery
 f - a ring of positive energy (left hand)
 i - an amulet of harm (around neck)
 k - an uncursed ring of flight
 p - a ring of poison resistance (right hand)
Wands
 a - a wand of polymorph (11)
 b - a wand of paralysis (8)
 h - a wand of flame (18)
Scrolls
 d - a scroll of fear
 j - 6 scrolls of remove curse
 r - 5 scrolls of identify
 s - 2 scrolls of teleportation
 w - 2 scrolls of fog
 A - 2 scrolls of enchant weapon
 G - 2 scrolls of enchant armour
 H - a scroll of blinking
Potions
 e - 2 potions of invisibility
 g - a potion of resistance
 q - 2 potions of curing
 z - a potion of ambrosia


   Skills:
 + Level 7.5 Fighting
 + Level 10.9 Long Blades
 + Level 7.6 Armour
 + Level 5.4 Dodging
 + Level 7.0 Stealth


You had 10 spell levels left.
You didn't know any spells.
Your spell library was empty.

Dungeon Overview and Level Annotations

Branches:
Dungeon (10/15)            Temple (0/1) D:6            Lair (0/6) D:9
    Orc: D:9-12

Altars:
Ashenzari
Hepliaklqana
Kikubaaqudgha
Sif Muna
Wu Jian

Shops:
D:4 *(%([   D:5 [   D:9 *

Annotations:
D:5 2 transporters, PeterQ's ghost, amateur DsGl
D:8 2 transporters
D:10 3 runed translucent doors, Esekla's ghost, journeyman FoWn; Joseph; Peloso's ghost, journeyman MiFi


Innate Abilities, Weirdness & Mutations

You have a pair of small antennae on your head.
A weak demonic guardian rushes to your aid.
You are slightly more attuned to the shadows.
Your movements are slightly less encumbered by armour. (ER -2)


Message History

Press: ? - help, v - describe, . - travel A metal wall.
The smoke demon gestures at you. Something smites you!
You hit the smoke demon.
The smoke demon is lightly wounded.
Your white imp hits the smoke demon but does no damage.
The smoke demon gestures at you. The ball of steam hits you!!
* * * LOW HITPOINT WARNING * * *
You barely miss the smoke demon.
The smoke demon is lightly wounded.
You are engulfed in a cloud of scalding steam.
Your white imp barely misses the smoke demon.
The smoke demon hits you but does no damage.
The smoke demon closely misses you. The smoke demon hits you.
* * * LOW HITPOINT WARNING * * *
You feel better.
You are engulfed in a cloud of scalding steam.
You die...

.# ## 3..##
# ...#.( #.
#.....#.##..
# ..∩.....
#.....#.#.#
#
....#.#.###
#...
...........
# #
..#.#3###.#
.# #.##
#.5@§..# .
###§.#.#
.... ##### .
. ..# #.


You could see a smoke demon and a friendly white imp.

Vanquished Creatures
  Erica (D:9)
  3 two-headed ogres
  An unseen horror (D:10)
  Pikel (D:6)
  A centaur zombie (D:10)
  Psyche (D:10)
  A gargoyle (D:10)
  Grinder (D:5)
  3 hippogriffs
  A wyvern (D:8)
  3 yaks (D:10)
  A hog (shapeshifter) (D:9)
  Edmund (D:6)
  An ice beast (D:7)
  A sky beast (D:7)
  2 necrophages
  5 orc warriors
  An ogre (D:9)
  A phantom (D:6)
  4 centaurs
  A crocodile (D:7)
  2 big kobolds
  3 bullfrogs
  A gnoll sergeant (D:5)
  3 water moccasin zombies (Ossuary)
  A wyvern skeleton (D:7)
  3 scorpions
  13 killer bees
  3 wights (D:10)
  2 howler monkeys (D:7)
  4 crimson imps
  A bullfrog zombie (D:9)
  7 hounds
  Crazy Yiuf (D:6)
  A bullfrog skeleton (D:8)
  4 jellies
  2 orc priests (D:7)
  4 iguanas
  10 orc wizards
  5 worker ants
  6 big kobold zombies (Ossuary)
  4 hound zombies
  2 hound skeletons
  2 mummies (Ossuary)
  7 adders
  3 gnolls (D:5)
  2 shadow imps
  An ooze (D:5)
  2 adder skeletons
  6 adder zombies (Ossuary)
  4 worms
  A dart slug (D:1)
  4 leopard geckos
  35 orcs
  4 giant cockroaches
  3 gnoll zombies (Ossuary)
  5 goblins
  14 hobgoblins
  7 jackals
  6 quokkas
  A ball python (D:2)
  10 bats
  6 frilled lizards
  5 hobgoblin zombies (Ossuary)
  17 kobolds
  3 kobold zombies (Ossuary)
  A leopard gecko skeleton (D:8)
  2 orc zombies (Ossuary)
  3 quokka skeletons
  A quokka zombie (D:8)
  4 rats
276 creatures vanquished.

Vanquished Creatures (collateral kills)
  An orc warrior (D:7)
  A slave (D:6)
  An ogre (D:4)
  A phantom (D:9)
  A bullfrog (D:6)
  A killer bee (D:8)
  A bullfrog zombie (D:5)
  An orc wizard (D:6)
  2 gnolls (D:5)
  An adder (D:6)
  4 orcs
  A giant cockroach (D:6)
  A quokka (D:5)
17 creatures vanquished.

Vanquished Creatures (others)
  A gnoll (D:5)
  6 withered plants (D:10)
7 creatures vanquished.

Grand Total: 300 creatures vanquished

Notes
Turn   | Place    | Note
-------+----------+-------------------------------------------
     0 | D:1      | Lolifox the Demonspawn Berserker began the quest for the
                  | Orb.
     0 | D:1      | Reached XP level 1. HP: 18/18 MP: 1/1
    52 | D:1      | Reached skill level 3 in Long Blades
    58 | D:1      | Gained mutation: Your movements are slightly less
                  | encumbered by armour. (ER -2) [demonic ancestry]
    58 | D:1      | Reached XP level 2. HP: 21/24 MP: 2/2
   225 | D:1      | Reached ** piety under Trog
   415 | D:1      | Gained mutation: A weak demonic guardian rushes to your
                  | aid. [demonic ancestry]
   415 | D:1      | Reached XP level 3. HP: 29/29 MP: 3/3
   976 | D:2      | Found a faded altar of an unknown god.
  1575 | D:3      | Reached XP level 4. HP: 33/35 MP: 4/4
  1950 | D:3      | Reached *** piety under Trog
  2133 | D:3      | Reached skill level 4 in Long Blades
  2282 | D:4      | Noticed an ogre
  2291 | D:4      | Killed an ogre
  2291 | D:4      | Reached XP level 5. HP: 41/41 MP: 5/5
  2762 | D:4      | Found Gupos's Weapon Shoppe.
  2804 | D:4      | Found Suwnazoph's Antique Weapon Boutique.
  2805 | D:4      | Found Viulaokh's Food Shop.
  2816 | D:4      | Found Mahuipeu's Armour Shop.
  2819 | D:4      | Bought a jewelled falchion for 176 gold pieces
  2819 | D:4      | Identified the +7 falchion of Annoyance {chaos, rPois rN+
                  | MR+ Int-5} (You bought it in a shop on level 4 of the
                  | Dungeon)
  2854 | D:4      | Bought a +1 helmet for 126 gold pieces
  3035 | D:4      | Found Cuwnil's General Store.
  3240 | D:5      | Entered Level 5 of the Dungeon
  3285 | D:5      | Found a transporter.
  3288 | D:5      | Found a transporter.
  3288 | D:5      | Noticed PeterQ's ghost (amateur DsGl)
  3369 | D:5      | Reached skill level 1 in Stealth
  3369 | D:5      | Gained mutation: You are slightly more attuned to the
                  | shadows. [demonic ancestry]
  3369 | D:5      | Reached XP level 6. HP: 48/48 MP: 6/6
  3477 | D:5      | Reached skill level 5 in Long Blades
  3668 | D:5      | Found the +8 longbow "Zephyr" {speed, Dex+3 SInv}
  3763 | D:5      | Found Diuruint's Antique Armour Boutique.
  3866 | D:5      | Noticed Grinder
  3885 | D:5      | Killed Grinder
  3885 | D:5      | Reached XP level 7. HP: 50/54 MP: 7/7
  3890 | D:6      | Noticed Edmund
  3904 | D:6      | Killed Edmund
  3947 | D:6      | Reached skill level 6 in Long Blades
  3961 | D:6      | Found a staircase to the Ecumenical Temple.
  4017 | D:6      | Reached **** piety under Trog
  4167 | D:6      | Reached XP level 8. HP: 61/61 MP: 8/8
  4515 | D:6      | Noticed Pikel
  4545 | D:6      | Killed Pikel
  4545 | D:6      | Reached skill level 7 in Long Blades
  4646 | D:6      | Found a runed translucent door.
  4647 | D:6      | Noticed Crazy Yiuf
  4654 | D:6      | Killed Crazy Yiuf
  4784 | D:7      | Reached skill level 5 in Fighting
  4966 | D:7      | Reached skill level 5 in Armour
  5217 | D:7      | Reached skill level 8 in Long Blades
  5217 | D:7      | Reached XP level 9. HP: 68/68 MP: 9/9
  5368 | D:7      | Found a hazy altar of Hepliaklqana.
  5909 | D:7      | Reached ***** piety under Trog
  6535 | D:8      | Noticed a two-headed ogre
  6541 | D:8      | Killed a two-headed ogre
  6541 | D:8      | Reached skill level 9 in Long Blades
  6693 | D:8      | Found a transporter.
  6699 | D:8      | Found a transporter.
  6725 | D:8      | Reached XP level 10. HP: 66/76 MP: 10/10
  6804 | D:8      | Reached skill level 5 in Stealth
  7041 | D:8      | Found a sand-covered staircase.
  7047 | Ossuary  | Entered an ossuary
  7161 | Ossuary  | Received a gift from Trog
  7481 | D:8      | Found an ancient bone altar of Kikubaaqudgha.
  7483 | D:8      | Noticed a centaur warrior
  7597 | D:9      | Found a staircase to the Lair.
  7630 | D:9      | Noticed a two-headed ogre
  7637 | D:9      | Killed a two-headed ogre
  7637 | D:9      | Reached skill level 10 in Long Blades
  7964 | D:9      | Found Zabled's Assorted Antiques.
  8211 | D:9      | Noticed a two-headed ogre
  8216 | D:9      | Killed a two-headed ogre
  8216 | D:9      | Reached skill level 5 in Dodging
  8366 | D:9      | Noticed Erica
  8380 | D:9      | Killed Erica
  8380 | D:9      | Gained mutation: You have a pair of small antennae on your
                  | head. [demonic ancestry]
  8380 | D:9      | Reached XP level 11. HP: 79/84 MP: 11/11
  8512 | D:9      | Found a shattered altar of Ashenzari.
  8513 | D:9      | Found an ornate altar of the Wu Jian Council.
  8624 | D:9      | Found a deep blue altar of Sif Muna.
  8657 | D:9      | Lost intelligence.
 10023 | D:10     | Entered Level 10 of the Dungeon
 10025 | D:10     | Found a runed translucent gate.
 10026 | D:10     | Found a runed translucent gate.
 10049 | D:10     | Found a runed translucent gate.
 10050 | D:10     | Noticed Peloso's ghost (journeyman MiFi)
 10050 | D:10     | Noticed Esekla's ghost (journeyman FoWn)
 10205 | D:10     | Killed an unseen horror
 10593 | D:10     | Noticed a five-headed hydra
 10832 | D:10     | Noticed Joseph
 10838 | D:10     | Noticed Psyche
 10854 | D:10     | Killed Psyche
 10854 | D:10     | Received a gift from Trog
 10873 | D:10     | Cast into level 1 of the Abyss (Joseph)
 10971 | Abyss:1  | HP: 4/84 [smoke demon (2)]
 10972 | Abyss:1  | Engulfed by a smoke demon's steam

Skill      XL: |  1  2  3  4  5  6  7  8  9 10 11 |
---------------+----------------------------------+-----
Long Blades    | 3 4 5 6 8 9 10 | 10.9
Dodging        | 2 3 4 5 |  5.4
Armour         | 2 3 4 5 6 7 |  7.6
Stealth        | 1 2 3 4 6 7 |  7.0
Fighting       | 4 5 7 |  7.5

Action                   |  1- 3 |  4- 6 |  7- 9 | 10-12 || total
-------------------------+-------+-------+-------+-------++-------
Melee: Falchion          |   143 |   146 |   195 |   295 ||   779
       Great sword       |       |       |       |    25 ||    25
Invok: Berserk           |     1 |     2 |     6 |     7 ||    16
       Trog's Hand       |       |       |     1 |       ||     1
  Use: Scroll            |     4 |     7 |     1 |     5 ||    17
       Potion            |       |       |     3 |    14 ||    17
 Stab: Sleeping          |     1 |       |     6 |    24 ||    31
       Paralysed         |       |     3 |     3 |       ||     6
       Petrifying        |       |       |     1 |       ||     1
       Distracted        |       |       |       |     2 ||     2
  Eat: Ration            |     1 |     3 |     4 |     3 ||    11
       Chunk             |       |       |     2 |    12 ||    14
Armor: Animal skin       |    28 |       |       |       ||    28
       Scale mail        |    13 |    48 |    63 |   129 ||   253
Dodge: Dodged            |    99 |    98 |   104 |   159 ||   460
       Rpst.: Falchion   |    32 |    34 |    33 |    38 ||   137
       Great sword       |       |       |       |     3 ||     3
